 Dungeon Sprint DCSS version 0.21.1-1-g345015f (webtiles) character file.

272 doot the Grappler (level 8, -7/132 HPs)
             Began as a Troll Berserker on June 12, 2018.
             Was a High Priest of Trog.
             Killed from afar by a naga (9 damage)
             ... with a splash of poison
             ... in the Dungeon (Sprint VI: "Thunderdome").
             The game lasted 00:06:55 (793 turns).

doot the Grappler (Troll Berserker)                  Turns: 793, Time: 00:06:55

Health: -7/132     AC: 12    Str: 41    XL:     8   Next: 60%
Magic:  11/11      EV: 12    Int:  6    God:    Trog [*****.]
Gold:   90         SH:  0    Dex: 18    Spells: 7/7 levels left

rFire    . . .     SeeInvis .   t - +5 great mace (protect)
rCold    . . .     Gourm    +   (shield currently unavailable)
rNeg     + . .     Faith    +   s - +0 troll leather armour
rPois    .         Spirit   .   (helmet restricted)
rElec    .         Reflect  .   (no cloak)
rCorr    .         Harm     .   (gloves unavailable)
MR       .....     NoTele   +   (boots unavailable)
Stlth    ..........             n - amulet of Qiosius {Faith Int+3 Dex+4}
HPRegen  1.12/turn              o - ring of Voegiewk {+Inv Str+3 Dex+5}
MPRegen  0.12/turn              q - ring "Cutoudom" {rN+ AC-2 Str+5} (curse)

@: berserking (expiring), lethally poisoned (-7 -> -39), protection aura,
constricted, very quick
A: large, unfitting armour, claws 3, fast metabolism 3, gourmand, regeneration
1, shaggy fur 1, tough skin 2
a: Berserk, Trog's Hand, Brothers in Arms, Burn Spellbooks, Renounce Religion,
Evoke Invisibility


You were in the Dungeon.
You worshipped Trog.
Trog was extremely pleased with you.
You were not hungry.

You visited 1 branch You collected 600 gold pieces.
You spent 510 gold pieces at shops.

Inventory:

Hand Weapons
 a - a +0 mace
 t - a +5 great mace of protection (weapon)
Armour
 b - a +0 animal skin
 s - a +0 troll leather armour (worn)
Jewellery
 n - the amulet of Qiosius (around neck) {Faith Int+3 Dex+4}
   (You bought it in a shop in the Dungeon)

   [amulet of faith]

   It allows you to gain divine favour quickly.
   It affects your intelligence (+3).
   It affects your dexterity (+4).
 o - the ring of Voegiewk (left claw) {+Inv Str+3 Dex+5}
   (You bought it in a shop in the Dungeon)

   [ring of dexterity]

   It affects your strength (+3).
   It affects your dexterity (+5).
   It lets you turn invisible.
 p - the ring of Kigecs {Ice Int+5}
   (You bought it in a shop in the Dungeon)

   [ring of ice]

   It enhances your ice magic.
   It affects your intelligence (+5).
   It makes you vulnerable to fire.
   It protects you from cold.
 q - the cursed ring "Cutoudom" (right claw) {rN+ AC-2 Str+5}
   (You bought it in a shop in the Dungeon)

   [ring of protection]

   It affects your AC (-2).
   It affects your strength (+5).
   It protects you from negative energy.
   It has a curse placed upon it.
Wands
 k - a wand of acid (5)
 l - a wand of iceblast (5)
 r - a wand of flame (25)
Scrolls
 i - 4 scrolls of blinking
 m - 3 scrolls of fog
 u - 3 scrolls of identify
Potions
 d - a potion of curing
 e - 4 potions of heal wounds
 f - 4 potions of haste
 g - 2 potions of magic
 h - a potion of berserk rage
 j - a potion of resistance
Comestibles
 c - a ration


   Skills:
 + Level 8.0 Fighting
 * Level 7.3 Maces & Flails
 + Level 2.0 Armour
 + Level 8.2 Dodging
 - Level 8.6 Unarmed Combat
 + Level 6.4 Evocations


You had 7 spell levels left.
You didn't know any spells.

Dungeon Overview and Level Annotations

Branches:
Dungeon (1/1)

Altars:
Cheibriados
Dithmenos
Fedhas
Gozag
Kikubaaqudgha
Makhleb
Okawaru
Qazlal
Ru
Sif Muna
Trog
Uskayaw
Vehumet
Wu Jian
Xom
Yredelemnul
Zin
The Shining One
Beogh
Jiyva
Lugonu

Shops:
D *[%??*?*:[((!!!!

Annotations:
D Aizul


Innate Abilities, Weirdness & Mutations

You are too large for most types of armour.
You have claws for hands.
Your metabolism is lightning-fast.
You like to eat raw meat.
Your natural rate of healing is unusually fast.
You are covered in fur. (AC +1)
You have very tough skin. (AC +2)


Message History

Aizul casts a spell at you. The bolt of poison hits you!
You are more poisoned.
* * * LOW HITPOINT WARNING * * *
The anaconda closely misses you. x2
Aizul casts a spell at you. The bolt of poison hits you!
You are more poisoned.
* * * LOW HITPOINT WARNING * * *
You miss Aizul.
Aizul is almost dead.
* * * LOW HITPOINT WARNING * * *
You feel very sick. The anaconda grabs you. The anaconda completely misses you.
* * * LOW HITPOINT WARNING * * *
The anaconda constricts you. The naga spits poison at you.
The splash of poison hits you!
You are more poisoned.
You die...

##∩.....∩## #∩..(....∩#
#_......._# #........_#
#_......._# ###...(...).###
#⌠...........⌠#
######.8.......S.8.######
#∩__.......###.S@N.._._∩##
∩........8.# #.8........∩###
...........###.............##
........###...###..........⌠#
....÷...# #.<.# #..........⌠#
........###...###..........⌠#
...........###.............##
∩........8.# #.8........∩###
#∩___......###......___∩##


You could see Aizul, an anaconda and a naga.

Vanquished Creatures
  A basilisk (D)
  2 fire elementals (D)
  4 fire bats (D)
  2 water moccasins (D)
  2 crocodiles (D)
  2 big kobolds (D)
  Ijyb (D)
  2 hell rats (D)
  3 adders (D)
  A river rat (D)
  A hobgoblin (D)
  A goblin (D)
22 creatures vanquished.

Notes
Turn   | Place    | Note
-------+----------+-------------------------------------------
     0 | D        | doot the Troll Berserker began the quest for the Orb.
     0 | D        | Reached XP level 1. HP: 22/22 MP: 0/0
     0 | D        | Found a glowing silver altar of Zin.
     0 | D        | Found a burning altar of Makhleb.
     4 | D        | Found a glowing golden altar of the Shining One.
     5 | D        | Found a snail-covered altar of Cheibriados.
     6 | D        | Found a shadowy altar of Dithmenos.
     6 | D        | Found a blossoming altar of Fedhas.
     6 | D        | Round 1.
     7 | D        | Found Guposcho's Delicious Food.
     7 | D        | Found a roughly hewn altar of Beogh.
     7 | D        | Found a sacrificial altar of Ru.
     7 | D        | Found Rep Nuph's Identification Station.
     8 | D        | Found Poarch's Jewellery.
     8 | D        | Found Vaulluash's Advanced Armour.
    17 | D        | Bought a pitted golden amulet for 45 gold pieces
    17 | D        | Bought a fine bronze ring for 45 gold pieces
    17 | D        | Bought a slimy granite ring for 45 gold pieces
    17 | D        | Identified the amulet of Qiosius {Faith Int+3 Dex+4} (You bought it in a shop in the Dungeon)
    18 | D        | Identified the ring of Voegiewk {+Inv Str+3 Dex+5} (You bought it in a shop in the Dungeon)
    19 | D        | Identified the ring of Kigecs {Ice Int+5} (You bought it in a shop in the Dungeon)
    20 | D        | Bought a heavily runed marble ring for 45 gold pieces
    21 | D        | Identified the cursed ring "Cutoudom" {rN+ AC-2 Str+5} (You bought it in a shop in the Dungeon)
    27 | D        | Noticed a water moccasin
    28 | D        | Found an iron altar of Okawaru.
    29 | D        | Found a shimmering altar of Xom.
    33 | D        | Found a viscous altar of Jiyva.
    33 | D        | Found an ancient bone altar of Kikubaaqudgha.
    34 | D        | Found a stormy altar of Qazlal.
    34 | D        | Found a bloodstained altar of Trog.
    34 | D        | Found Zeforanai's Premium Goods.
    34 | D        | Found Fihito's Weapon Rack.
    35 | D        | Found Fujottan's Miscellaneous Merchandise.
    35 | D        | Found Tuegon's Basic Armour.
    37 | D        | Found a radiant altar of Vehumet.
    38 | D        | Found a deep blue altar of Sif Muna.
    39 | D        | Found an opulent altar of Gozag.
    40 | D        | Found Fiyfym's Do-It-Yourself Clinic.
    41 | D        | Found Nugerof's Bottled Wisdom.
    41 | D        | Found Ihextusaty's Distillery.
    41 | D        | Found a corrupted altar of Lugonu.
    41 | D        | Found Cilul's Distillery.
    47 | D        | Found a hide-covered altar of Uskayaw.
    51 | D        | Reached skill level 1 in Evocations
    51 | D        | Reached XP level 2. HP: 20/31 MP: 1/1
    67 | D        | Killed a water moccasin
    67 | D        | Reached ** piety under Trog
    67 | D        | Reached skill level 1 in Unarmed Combat
    67 | D        | Reached XP level 3. HP: 12/40 MP: 1/4
    67 | D        | Reached XP level 4. HP: 15/49 MP: 1/5
    73 | D        | Found an ornate altar of the Wu Jian Council.
    74 | D        | Found a basalt altar of Yredelemnul.
    74 | D        | Found Plog's Magic Scroll Shop.
    74 | D        | Found Cesom's Staff Store.
    75 | D        | Found Taax's Magic Scroll Shop.
    75 | D        | Found Govujit's Must-Have Magic.
    88 | D        | Reached skill level 5 in Maces & Flails
    97 | D        | Noticed a water moccasin
   111 | D        | Killed a water moccasin
   111 | D        | Reached skill level 5 in Fighting
   111 | D        | Reached skill level 5 in Dodging
   111 | D        | Reached XP level 5. HP: 31/59 MP: 6/6
   117 | D        | Arena points: 12 (+12) [x2]
   169 | D        | Round 2.
   170 | D        | Noticed Ijyb
   178 | D        | Killed Ijyb
   178 | D        | Reached *** piety under Trog
   178 | D        | Reached XP level 6. HP: 65/67 MP: 7/7
   303 | D        | Reached **** piety under Trog
   319 | D        | Arena points: 48 (+36) [x3]
   368 | D        | Round 3.
   416 | D        | Noticed a basilisk
   427 | D        | Killed a basilisk
   427 | D        | Reached skill level 5 in Evocations
   427 | D        | Reached XP level 7. HP: 66/78 MP: 9/9
   444 | D        | HP: 4/117 [crocodile (16)]
   446 | D        | Reached skill level 5 in Unarmed Combat
   510 | D        | Reached ***** piety under Trog
   510 | D        | Arena points: 132 (+84) [x4]
   555 | D        | Bought a +0 troll leather armour for 180 gold pieces
   566 | D        | Round 4.
   572 | D        | Noticed a fire bat
   573 | D        | Noticed a fire bat
   585 | D        | Killed a fire bat
   588 | D        | Killed a fire bat
   588 | D        | Reached XP level 8. HP: 39/87 MP: 11/11
   598 | D        | Reached skill level 1 in Armour
   713 | D        | Received a gift from Trog
   713 | D        | Arena points: 272 (+140) [x5]
   737 | D        | Bought 3 scrolls of identify for 150 gold pieces
   751 | D        | Round 5.
   768 | D        | Noticed an anaconda
   779 | D        | Noticed Aizul
   789 | D        | Noticed an anaconda
   793 | D        | HP: 3/132 [poisoned by Aizul (bolt of poison)]
   793 | D        | Killed from afar by a naga

Skill      XL: |  1  2  3  4  5  6  7  8 |
---------------+-------------------------+-----
Fighting       | 3 4 5 7 8 |  8.0
Maces & Flails | 3 4 5 6 7 |  7.3
Dodging        | 3 4 5 6 7 8 |  8.2
Evocations     | 1 2 3 5 6 |  6.4
Unarmed Combat | 1 2 4 6 8 |  8.6
Armour         | 2 |  2.0

Action                   |  1- 3 |  4- 6 |  7- 9 || total
-------------------------+-------+-------+-------++-------
Melee: Unarmed           |    12 |    42 |    40 ||    94
       Punch             |       |     3 |     2 ||     5
       Great mace        |       |       |    11 ||    11
Invok: Berserk           |     1 |     1 |     3 ||     5
  Eat: Chunk             |       |     3 |     4 ||     7
       Ration            |       |       |     1 ||     1
Armor: Animal skin       |       |     6 |       ||     6
       Troll leather arm |       |       |    19 ||    19
Dodge: Dodged            |     6 |    18 |    41 ||    65
